 Dungeon Crawl Stone Soup version 0.19-a0-261-g60b6c46 (webtiles) character file.

100 AlphabetPasta the Stinger (level 4, -5/35 HPs)
             Began as a Minotaur Venom Mage on May 26, 2016.
             Slain by a gnoll
             ... wielding a +0 flail
              (7 damage)
             ... on level 3 of the Dungeon.
             The game lasted 00:07:28 (1461 turns).

AlphabetPasta the Stinger (Minotaur Venom Mage)     Turns: 1461, Time: 00:07:28

Health: -5/35      AC:  2    Str: 12    XL:     4   Next: 46%
Magic:  1/5        EV: 12    Int: 13    God:
Gold:   164        SH:  0    Dex: 11    Spells: 2 memorised, 3 levels left

rFire  . . .     SeeInvis .     e - +1 hand axe (distort)
rCold  . . .     Gourm    .     a - +0 robe
rNeg   . . .     Faith    .     (no shield)
rPois  .         Spirit   .     (helmet restricted)
rElec  .         Dismiss  .     (no cloak)
rCorr  .         Reflect  .     (no gloves)
SustAt .         Harm     .     (no boots)
MR     .....                    (no amulet)
Stlth  ++........               (no ring)
                                (no ring)

@: very slightly contaminated, not resistant to hostile enchantments, unstealthy
A: retaliatory headbutt, horns 2
a: no special abilities


You were on level 3 of the Dungeon.
You were hungry.

You visited 1 branch of the dungeon, and saw 3 of its levels.

You collected 164 gold pieces.

Inventory:

Hand Weapons
 e - a +1 hand axe of distortion (weapon)
Armour
 a - a +0 robe (worn)
 k - a +0 shield
Jewellery
 i - a cursed ring of teleportation {unknown}
Scrolls
 d - 5 scrolls of identify {unknown}
 f - a scroll of random uselessness {unknown}
 l - a scroll of remove curse {unknown}
 p - a scroll of teleportation {unknown}
Potions
 h - 3 potions of flight {unknown}
 j - 2 potions of curing {unknown}
Books
 b - a Young Poisoner's Handbook

   Spells                             Type                      Level
   a - Sting                          Conjuration/Poison           1
   b - Cure Poison                    Poison                       2
   c - Mephitic Cloud                 Conjuration/Poison/Air       3
   d - Olgreb's Toxic Radiance        Poison                       4
   e - Venom Bolt                     Conjuration/Poison           5
 q - a book of Cantrips

   Spells                             Type                      Level
   a - Corona                         Hexes                        1
   b - Animate Skeleton               Necromancy                   1
   c - Summon Small Mammal            Summoning                    1
   d - Apportation                    Translocation                1
Comestibles
 c - a bread ration
 g - 2 chunks of flesh
 m - 2 meat rations
 n - a slice of pizza
 o - a beef jerky


   Skills:
 + Level 1.4 Fighting
 * Level 2.6 Axes
 + Level 1.0 Armour
 + Level 2.9 Dodging
 - Level 1.5 Stealth
 + Level 1.0 Shields
 + Level 1.8 Spellcasting
 + Level 3.1 Poison Magic


You had 3 spell levels left.
You knew the following spells:

 Your Spells              Type           Power        Failure   Level  Hunger
a - Sting                 Conj/Pois      #...         14%         1    ##.....
b - Cure Poison           Pois           #.........   12%         2    ###....


Dungeon Overview and Level Annotations

Branches:
Dungeon (3/15)

Altars:
Dithmenos
Elyvilon
Fedhas
Hepliaklqana
Nemelex Xobeh
Trog

Annotations:
D:3 AlphabetPasta's ghost, amateur DDNe


Innate Abilities, Weirdness & Mutations

You reflexively headbutt those who attack you in melee.
You have a pair of horns on your head.


Message History

Press: ? - help, Shift-Dir - straight line, f/p - gnoll
Aim: a gnoll, wielding a flail The sting hits the gnoll.
The gnoll is lightly wounded.
You are feeling hungry.
Casting: Sting
Confirm with . or Enter, or press ? or * to list all spells.
Aiming: Sting
Press: ? - help, Shift-Dir - straight line, f/p - gnoll
Aim: a gnoll, wielding a flail (lightly wounded)
The sting hits the gnoll.
The gnoll appears unharmed.
The gnoll is lightly wounded.
You closely miss the gnoll. Your headbutt misses the gnoll.
The gnoll is lightly wounded.
The gnoll hits you with a flail!
* * * LOW HITPOINT WARNING * * *
You hit the gnoll.
Space bends around the gnoll.
The gnoll is severely wounded.
The gnoll hits you with a flail!
You die...

#.#.# #.# #)# #.# .. ...
##.. #.# .# .... #.. #.#
.# ... #.# #.# .### #.#
###.####.####
...###..##.....#@....##
._(..##........g......##
..._.###...............#
............[..........#
.8..................<..#
.......................#
..._.##................#
._...##................#
...#....#.............##


You could see a gnoll.

Vanquished Creatures
  2 gnolls (D:3)
  4 adders (D:2)
  A worm (D:2)
  2 dart slugs
  4 bats
  2 giant cockroaches (D:2)
  4 goblins (D:2)
  5 hobgoblins
  4 jackals (D:1)
  A quokka (D:2)
  A ball python (D:1)
  3 giant newts (D:2)
  2 kobolds
  4 rats
39 creatures vanquished.

Vanquished Creatures (others)
  A giant cockroach (D:2)
1 creature vanquished.

Grand Total: 40 creatures vanquished

Notes
Turn   | Place    | Note
--------------------------------------------------------------
     0 | D:1      | AlphabetPasta the Minotaur Venom Mage began the quest for the Orb.
     0 | D:1      | Reached XP level 1. HP: 14/14 MP: 1/1
     1 | D:1      | Found a white marble altar of Elyvilon.
   201 | D:1      | Reached skill level 3 in Poison Magic
   247 | D:1      | Reached XP level 2. HP: 17/22 MP: 1/3
   404 | D:1      | Reached skill level 1 in Fighting
   527 | D:1      | Learned a level 2 spell: Cure Poison
   586 | D:2      | Reached skill level 1 in Axes
   716 | D:2      | Reached XP level 3. HP: 28/28 MP: 0/4
  1190 | D:2      | Reached skill level 1 in Armour
  1190 | D:2      | Reached XP level 4. HP: 35/35 MP: 3/5
  1281 | D:3      | Noticed AlphabetPasta's ghost (amateur DDNe)
  1410 | D:3      | Found a blossoming altar of Fedhas.
  1410 | D:3      | Found a bloodstained altar of Trog.
  1413 | D:3      | Found a shadowy altar of Dithmenos.
  1413 | D:3      | Found a sparkling altar of Nemelex Xobeh.
  1416 | D:3      | Found a hazy altar of Hepliaklqana.
  1450 | D:3      | Reached skill level 1 in Shields
  1461 | D:3      | Slain by a gnoll

Vault maps used:
D:1:      sevenhm_arrival_forest_fort_small_6
D:3:      grunt_temple_overflow_open, led_sif_book,
          nicolae_overflow_hidden_temple

Skill      XL: |  1  2  3  4 |
---------------+-------------+-----
Poison Magic   | 3 |  3.1
Fighting       | 1 |  1.4
Axes           | 1 2 |  2.6
Armour         | 1 |  1.0
Shields        | 1 |  1.0
Dodging        | |  2.9
Stealth        | |  1.5
Spellcasting   | |  1.8

Action                   |  1- 3 |  4- 6 || total
-------------------------+-------+-------++-------
Melee: Hand axe          |    56 |    15 ||    71
       Headbutt          |     3 |       ||     3
 Cast: Sting             |    14 |     6 ||    20
       Cure Poison       |     1 |       ||     1
 Stab: Sleeping          |     1 |     1 ||     2
  Eat: Chunk             |     1 |     1 ||     2
Armor: Robe              |     3 |     1 ||     4
Dodge: Dodged            |    28 |     4 ||    32
